 Dungeon Crawl Stone Soup version 0.17-a0-2122-g03d97ec (webtiles) character file.

422 Adamkad1 the Ruffian (level 6, -5/61 HPs)
             Began as a Troll Monk on Oct 21, 2015.
             Slain by Menkaure (23 damage)
             ... on level 4 of the Dungeon.
             The game lasted 00:05:24 (2560 turns).

Adamkad1 the Ruffian (Troll Monk)                   Turns: 2560, Time: 00:05:24

Health: -5/61      AC:  5    Str: 22    XL:     6   Next: 63%
Magic:  5/5        EV: 11    Int:  6    God:
Gold:   150        SH:  0    Dex: 12    Spells: 0 memorised, 5 levels left

rFire  . . .     SeeInvis .       - Unarmed
rCold  . . .     Clarity  .     a - +0 robe
rNeg   . . .     SustAt   .     (no shield)
rPois  .         Gourm    +     (helmet restricted)
rElec  .         Spirit   .     (no cloak)
rCorr  .         Warding  .     (gloves unavailable)
rMut   .         Stasis   .     (boots unavailable)
MR     .....                    (no amulet)
Stlth  +.........               (no ring)
                                (no ring)

@: not resistant to hostile enchantments, very unstealthy
A: unfitting armour, claws 3, fast metabolism 3, gourmand, regeneration 2,
shaggy fur 1, tough skin 2
a: no special abilities


You were on level 4 of the Dungeon.
You were very hungry.

You visited 1 branch of the dungeon, and saw 4 of its levels.

You collected 150 gold pieces.

Inventory:

Hand Weapons
 i - a +0 whip of venom
 j - a +2 vampiric whip
Armour
 a - a +0 robe (worn)
Scrolls
 c - 4 scrolls of remove curse
 d - a scroll of recharging
 e - a scroll of identify
 h - a scroll of fog
Potions
 k - a potion of magic
 m - a potion of ambrosia {unknown}
Books
 g - a book of Party Tricks

   Spells                             Type                      Level
   a - Summon Butterflies             Summoning                    1
   b - Apportation                    Translocation                1
   c - Tukima's Dance                 Hexes                        3
   d - Alistair's Intoxication        Transmutation/Poison         4
   e - Invisibility                   Hexes                        6
Comestibles
 b - 3 bread rations
 f - 2 fruits


   Skills:
 * Level 3.6 Fighting
 + Level 3.7 Dodging
 + Level 1.4 Stealth
 * Level 6.2 Unarmed Combat


You had 5 spell levels left.
You didn't know any spells.

Dungeon Overview and Level Annotations

Branches:
Dungeon (4/15)
 Temple: D:4-7

Altars:
Fedhas
Vehumet

Annotations:
D:4 Menkaure


Innate Abilities, Weirdness & Mutations

You are too large for most types of armour.
You have claws for hands.
Your metabolism is lightning-fast.
You like to eat raw meat.
You heal very quickly.
You are covered in fur (AC +1).
You have very tough skin (AC +2).


Message History

Menkaure seems to speed up.
Menkaure hits you!
You scratch Menkaure.
Menkaure is lightly damaged.
Menkaure completely misses you.
You scratch Menkaure.
Menkaure is lightly damaged.
Menkaure hits you.
You scratch Menkaure.
Menkaure is moderately damaged.
Menkaure hits you!
You claw Menkaure!
Menkaure is almost destroyed.
Menkaure hits you!
You barely miss Menkaure.
Menkaure is almost destroyed.
Menkaure hits you.
* * * LOW HITPOINT WARNING * * *
Menkaure hits you!!
You die...

.#.....# #.#...###
#.# #.#.#.###....#
# #.#.......# #.
#.###.###.#
###.###.###.....###
.................#
####..#.###(....###
...)..M@........)#
.####.#.##########
#.... #.#.## #.#.#
# ..# ..# ..#


You could see Menkaure.

Vanquished Creatures
  A phantom (D:3)
  A giant frog (D:3)
  A giant frog skeleton (D:4)
  A hound (D:4)
  3 orc wizards (D:3)
  3 adders
  3 gnolls (D:3)
  An ooze (D:2)
  2 worms
  2 giant geckos
  2 orcs (D:3)
  A ball python (D:3)
  7 bats
  2 giant cockroaches
  12 goblins
  A hobgoblin (D:1)
  4 jackals (D:3)
  3 quokkas (D:3)
  3 giant newts
  2 kobolds
  A quokka skeleton (D:3)
  9 rats
65 creatures vanquished.

Notes
Turn   | Place    | Note
--------------------------------------------------------------
     0 | D:1      | Adamkad1 the Troll Monk began the quest for the Orb.
     0 | D:1      | Reached XP level 1. HP: 22/22 MP: 0/0
   229 | D:1      | Reached XP level 2. HP: 29/29 MP: 1/1
   718 | D:2      | Reached XP level 3. HP: 36/36 MP: 2/2
   992 | D:2      | You fall through a shaft for 2 floors!
  1017 | D:4      | Reached XP level 4. HP: 43/45 MP: 3/3
  1368 | D:3      | Reached skill level 5 in Unarmed Combat
  1467 | D:3      | Noticed a giant frog
  1480 | D:3      | Killed a giant frog
  1480 | D:3      | Reached XP level 5. HP: 43/53 MP: 4/4
  1501 | D:3      | Noticed a phantom
  1536 | D:3      | Killed a phantom
  1536 | D:3      | Reached XP level 6. HP: 61/61 MP: 5/5
  1800 | D:3      | Reached skill level 6 in Unarmed Combat
  1912 | D:3      | Found a blossoming altar of Fedhas.
  2048 | D:3      | Found a radiant altar of Vehumet.
  2048 | D:3      | Found a blossoming altar of Fedhas.
  2551 | D:4      | Noticed Menkaure
  2560 | D:4      | Slain by Menkaure

Vault maps used:
D:1:      minmay_arrival_open_corners
D:2:      first_bread
D:3:      minmay_door_path, gammafunk_temple_overflow_pools, fedhas_altar_4
D:4:      uniq_menkaure

Action                   |  1- 3 |  4- 6 || total
-------------------------+-------+-------++-------
Melee: Unarmed           |    75 |   136 ||   211
  Use: Scroll            |     4 |       ||     4
       Potion            |     2 |     2 ||     4
 Stab: Sleeping          |     2 |       ||     2
  Eat: Chunk             |     5 |    12 ||    17
       Fruit             |       |     1 ||     1
       Beef jerky        |       |     1 ||     1
